 Dungeon Crawl Stone Soup version 0.30.1-9-gdf580d7c3d (webtiles) character file.

Game seed: 3185418077533500490

163 Kace the Magician (level 5, 0/35 HPs)
             Began as a Human Hedge Wizard on Oct 10, 2023.
             Slain by an iguana (12 damage)
             ... on level 4 of the Dungeon.
             The game lasted 00:22:39 (3692 turns).

Kace the Magician (Human Hedge Wizard)              Turns: 3692, Time: 00:22:41

Health: 0/35       AC:  3    Str: 10    XL:     5   Next: 73%
Magic:  4/11       EV: 12    Int: 17    God:
Gold:   151        SH:  0    Dex: 12    Spells: 4/12 levels left

rFire   . . .        o - +2 short sword (drain)
rCold   . . .        (no shield)
rNeg    . . .        b - +0 robe
rPois   .            c - +0 hat
rElec   .            (no cloak)
rCorr   .            (no gloves)
SInv    +            p - +0 pair of boots
Will    .....        (no amulet)
Stlth   ++           a - ring of see invisible
HPRegen 0.25/turn    (no ring)
MPRegen 0.12/turn

%: no passive effects
@: lethally poisoned (0 -> -15)
A: no striking features
a: no special abilities


You were on level 4 of the Dungeon.
You visited 1 branch of the dungeon, and saw 4 of its levels.

You collected 151 gold pieces.

Inventory:

Hand Weapons
 o - a +2 short sword of draining (weapon)
Armour
 b - a +0 robe (worn)
 c - a +0 hat (worn)
 p - a +0 pair of boots (worn)
Jewellery
 a - a ring of see invisible (left hand)
 g - a ring of ice
Scrolls
 e - a scroll of magic mapping {unknown}
 f - a scroll of acquirement {unknown}
 h - 3 scrolls of noise {unknown}
 i - 4 scrolls of identify {unknown}
 j - 2 scrolls of blinking {unknown}
 k - a scroll of fear {unknown}
 n - a scroll of fog {unknown}
Potions
 d - a potion of magic
 l - 2 potions of curing {unknown}
 m - 2 potions of heal wounds


   Skills:
 - Level 2.0 Dodging
 - Level 2.0 Stealth
 * Level 4.3 Spellcasting
 + Level 2.4 Conjurations
 + Level 2.1 Summonings
 + Level 2.0 Translocations
 + Level 0.2 Air Magic
 + Level 0.1 Poison Magic


You had 4 spell levels left.
You knew the following spells:

 Your Spells              Type           Power      Damage    Failure   Level
a - Magic Dart            Conj           44%        1d5       5%          1
b - Call Imp              Summ           22%        N/A       10%         2
c - Blink                 Tloc           20%        N/A       10%         2
d - Mephitic Cloud        Conj/Pois/Air  6%         N/A       30%         3

Your spell library contained the following spells:

 Spells                   Type           Power      Damage    Failure   Level
 Slow                     Hex            12%        N/A       16%         1
 Cigotuvi's Dreadful Rot  Necr/Pois/Air  8%         N/A       22%         2
 Ensorcelled Hibernation  Hex/Ice        6%         N/A       22%         2
 Passwall                 Tmut/Erth      2%         N/A       22%         2
 Portal Projectile        Hex/Tloc       14%        N/A       30%         3
 Swiftness                Air            4%         N/A       38%         3
 Tukima's Dance           Hex            3%         N/A       41%         3
 Manifold Assault         Tloc           10%        N/A       54%         4
 Dispel Undead            Necr           3%         3d7       83%         4
 Blade Hands              Tmut           1%         N/A       99%         5
 Death Channel            Necr           1%         N/A       100%        6
 Storm Form               Tmut/Air       2%         N/A       100%        7


Dungeon Overview and Level Annotations

Branches:
Dungeon (4/15)
 Temple: D:4-7

Altars:
Cheibriados
Elyvilon

Annotations:
D:2 Sigmund
D:3 exclusions: ogre and worm


Message History

The iguana closely misses you.
You hit the adder.
The adder is lightly wounded.
The adder closely misses you.
Your cerulean imp hits the iguana but does no damage.
The adder bites you but does no damage. The iguana closely misses you.
You hit the adder.
The adder is severely wounded.
The adder bites you.
You are poisoned.
The adder poisons you!
Your cerulean imp hits the iguana but does no damage.
The iguana closely misses you.
You miss the adder.
The adder is severely wounded.
You feel sick. The adder bites you but does no damage.
Your cerulean imp hits the iguana with a -3 spear.
The iguana barely misses you.
You hit the adder but do no damage.
The adder is severely wounded.
You feel sick. The adder bites you.
You are more poisoned.
The adder poisons you!
Your cerulean imp closely misses the iguana.
The iguana bites you!
You hit the adder.
The adder is almost dead.
You feel sick. The adder misses you.
Your cerulean imp hits the iguana but does no damage.
The adder bites you.
You are more poisoned.
The adder poisons you! The iguana barely misses you.
You closely miss the adder.
The adder is almost dead.
You feel very sick. The adder bites you.
You are lethally poisoned!
The adder poisons you!
Your cerulean imp misses the iguana.
The iguana bites you!
You die...

######+#.## ..........
.......... .......$.
......... ......5.#
......Sl#
.......@########
########.......########.
#...#.......#...#..#.
#...#.......#........
#...#.......#.......P
#...#.......#........
#...........##.#P..(~
#########....#.#...~~
#....#.<...~~


You could see an iguana (ally target), an adder and a friendly cerulean imp
(summoned).

Vanquished Creatures
  Terence (D:2)
  Natasha (D:2)
  2 adders
  5 endoplasms
  6 goblins
  5 hobgoblins
  6 quokkas
  5 ball pythons
  3 bats
  4 kobolds
  4 rats
42 creatures vanquished.

Vanquished Creatures (collateral kills)
  Natasha (twice) (D:2)
2 creatures vanquished.

Grand Total: 44 creatures vanquished

Notes
Turn   | Place    | Note
-------+----------+-------------------------------------------
     0 | D:1      | Kace the Human Hedge Wizard began the quest for the Orb.
     0 | D:1      | Reached XP level 1. HP: 13/13 MP: 4/4
   270 | D:1      | Reached XP level 2. HP: 19/19 MP: 0/6
   273 | D:1      | Learned a level 2 spell: Call Imp
   276 | D:1      | Learned a level 2 spell: Blink
  1082 | D:2      | Noticed Terence
  1227 | D:2      | Reached XP level 3. HP: 24/24 MP: 2/8
  1640 | D:2      | You fall into a shaft and drop 1 floor!
  1666 | D:2      | Noticed Natasha
  1672 | D:2      | Killed Natasha
  1673 | D:2      | Reached XP level 4. HP: 24/30 MP: 0/9
  1705 | D:2      | Noticed Natasha
  1906 | D:2      | Found a white marble altar of Elyvilon.
  2030 | D:2      | Noticed Sigmund
  2338 | D:2      | Killed Terence
  2339 | D:2      | Reached skill level 4 in Spellcasting
  2726 | D:2      | Killed Natasha
  2727 | D:2      | Reached XP level 5. HP: 19/35 MP: 3/11
  2862 | D:2      | Noticed Natasha
  2871 | D:2      | Killed Natasha
  3105 | D:3      | Found a snail-covered altar of Cheibriados.
  3262 | D:3      | Noticed an ogre
  3316 | D:3      | Found a faded altar of an unknown god.
  3388 | D:3      | Learned a level 3 spell: Mephitic Cloud
  3692 | D:4      | Slain by an iguana

Illustrated notes

Levels and vault maps discovered:
D:1:      shiori_arrival_elements, layout_basic
D:2:      layout_loops_ring, basic_altar, minmay_misc_feat_tiny,
          grunt_ministairs_6, minmay_pentomino_w2, uniq_sigmund, uniq_natasha,
          uniq_terence
D:3:      layout_rooms, general_overflow_altar, ebering_ecumenical_altar_mist,
          minmay_shallow_snake_nest
D:4:      kennysheep_the_goblin_king, layout_gridville,
          mainiacjoe_overflow_alcove_1, serial_demonic, serial_demonic_f,
          serial_demonic_g, serial_demonic_d, serial_demonic_f,
          serial_demonic_f, serial_demonic_e, serial_demonic_g,
          serial_demonic_a, chequers_serial_rivers_large_a, minivault_26,
          guppyfry_early_lair_pool

Skill      XL: |  1  2  3  4  5 |
---------------+----------------+-----
Spellcasting   | 4 |  4.3
Conjurations   | 2 |  2.4
Summonings     | 2 |  2.1
Translocations | 2 |  2.0
Dodging        | |  2.0
Stealth        | |  2.0
Air Magic      | |  0.2
Poison Magic   | |  0.1

Action                     |  1- 3 |  4- 6 || total
---------------------------+-------+-------++-------
  Melee: Dagger            |    10 |       ||    10
         Short sword       |       |     6 ||     6
   Cast: Magic Dart        |    71 |    78 ||   149
         Call Imp          |     1 |    14 ||    15
 Armour: Robe              |     1 |     4 ||     5
  Dodge: Dodged            |    18 |    18 ||    36
